 Dungeon Crawl Stone Soup version 0.22-a0-617-g6d95e9e (webtiles) character file.

16 sking99 the Ruffian (level 2, -1/23 HPs)
             Began as a Draconian Transmuter on July 12, 2018.
             Slain by an ogre
             ... wielding a +0 giant club
              (10 damage)
             ... on level 1 of the Dungeon.
             The game lasted 00:01:06 (1306 turns).

sking99 the Ruffian (Draconian Transmuter)          Turns: 1306, Time: 00:01:07

Health: -1/23      AC:  5    Str: 12    XL:     2   Next: 37%
Magic:  1/5        EV: 12    Int: 13    God:
Gold:   45         SH:  0    Dex: 11    Spells: 2/5 levels left

rFire    . . .     SeeInvis .     - Unarmed
rCold    . . .     Gourm    .   (no shield)
rNeg     . . .     Faith    .   (armour unavailable)
rPois    .         Spirit   .   (helmet restricted)
rElec    .         Reflect  .   d - +0 cloak (curse)
rCorr    .         Harm     .   (no gloves)
MR       .....                  (no boots)
Stlth    +.........             (no amulet)
HPRegen  0.07/turn              (no ring)
MPRegen  0.09/turn              (no ring)

@: no status effects
A: unfitting armour, cold-blooded, AC +4
a: no special abilities


You were on level 1 of the Dungeon.
You were hungry.

You visited 1 branch of the dungeon, and saw 2 of its levels.

You collected 45 gold pieces.

Inventory:

Missiles
 a - 9 arrows
Armour
 d - a cursed +0 cloak (worn)
Jewellery
 b - a +2 ring of protection {unknown}
 e - an uncursed ring of flight {unknown}
Scrolls
 g - a scroll of teleportation {unknown}
 h - a scroll of remove curse {unknown}
 i - a scroll of blinking {unknown}
 l - a scroll of identify {unknown}
Potions
 f - 3 potions of heal wounds {unknown}
 j - a potion of degeneration {unknown}
Comestibles
 c - 3 rations


   Skills:
 + Level 1.5 Fighting
 + Level 2.0 Dodging
 * Level 3.3 Unarmed Combat
 - Level 2.0 Spellcasting
 + Level 2.2 Transmutations


You had 2 spell levels left.
You knew the following spells:

 Your Spells              Type           Power        Failure   Level  Hunger
a - Beastly Appendage     Tmut           #.....       11%         1    ##.....
b - Sticks to Snakes      Tmut           #.......     16%         2    ###....

Your spell library contained the following spells:

 Spells                   Type           Power        Failure   Level  Hunger
 Spider Form              Tmut/Pois      #.........   43%         3    ####...
 Blade Hands              Tmut           #.........   96%         5    ######.
 Ice Form                 Ice/Tmut       #.......     85%         4    #####..


Dungeon Overview and Level Annotations

Branches:
Dungeon (2/15)

Altars:

Annotations:
D:2 Sigmund


Innate Abilities, Weirdness & Mutations

Your plain brown scales are hard. (AC +4)
You cannot fit into any form of body armour.
You are cold-blooded and may be slowed by cold attacks.


Message History

The ogre closely misses you.
Your ball python bites the ogre but does no damage.
Your ball python bites the ogre.
You barely miss the ogre.
The ogre is moderately wounded.
Your ball python barely misses the ogre. x2
The ogre hits you with a giant club!
Ouch! That really hurt!
You hit the ogre.
The ogre is moderately wounded.
Your ball python bites the ogre.
Your ball python barely misses the ogre.
Unknown command.
Your ball python closely misses the ogre.
Your ball python bites the ogre.
You are feeling hungry.
Your ball python bites the ogre but does no damage.
Your ball python closely misses the ogre.
The ogre hits you with a giant club!
You die...

#........)....#
#......
#........>....#
#......
#.............#
#......
#.............#
#......
#.............#
#......
#.............#
#......
#.....SS......#
#......
#......O......#
#......
#.......@.....#
#......
#.............#
#......
###############
#...... #######


You could see an ogre and 2 friendly ball pythons.

Vanquished Creatures
  A worm (D:2)
  A giant cockroach (D:2)
  3 goblins (D:1)
  3 hobgoblins
  A kobold (D:2)
  2 rats
11 creatures vanquished.

Notes
Turn   | Place    | Note
-------+----------+-------------------------------------------
     0 | D:1      | sking99 the Draconian Transmuter began the quest for the Orb.
     0 | D:1      | Reached XP level 1. HP: 16/16 MP: 3/3
   738 | D:2      | Reached XP level 2. HP: 23/23 MP: 5/5
   750 | D:2      | Learned a level 2 spell: Sticks to Snakes
   963 | D:2      | Noticed Sigmund
  1291 | D:2      | Noticed an ogre
  1306 | D:1      | Slain by an ogre

Vault maps used:
D:1:      dpeg_arrival_snail
D:2:      serial_bayou, serial_bayou_lake_a, serial_bayou_pond_a,
          serial_bayou_pond_b, serial_bayou_pond_c, uniq_sigmund

Skill      XL: |  1  2 |
---------------+-------+-----
Dodging        | 2 |  2.0
Fighting       | |  1.5
Unarmed Combat | |  3.3
Spellcasting   | |  2.0
Transmutations | |  2.2

Action                   || total
-------------------------++-------
Melee: Unarmed           ||    38
       Tailslap          ||     2
 Cast: Sticks to Snakes  ||     3
       Beastly Appendage ||     1
  Eat: Chunk             ||     1
Armor: Skin              ||     3
Dodge: Dodged            ||    16

Table legend:
 A = Spawn XP
 B = Non-spawn XP
 C = Spawn XP percentage of total XP
 D = Spawn monster count
 E = Non-spawn monster count
 F = Spawn count percentage of total count
 G = Total turns spent on level
                    A         B        C        D         E        F      G
               +---------+---------+-------+---------+---------+-------+---------
         Total |       0 |      23 |   0.0 |       0 |      11 |   0.0 |  1306
               +---------+---------+-------+---------+---------+-------+---------
           D:1 |       0 |      11 |   0.0 |       0 |       6 |   0.0 |  1005
           D:2 |       0 |      12 |   0.0 |       0 |       5 |   0.0 |   301
               +---------+---------+-------+---------+---------+-------+---------
